 Dungeon Crawl Stone Soup version 0.23.2-33-g5129a83184 (webtiles) character file.

Game seed: 10100204630226823459

206 Meegle the Magician (level 5, -1/28 HPs)
             Began as a Deep Elf Fire Elementalist on June 27, 2019.
             Slain by Blork the orc
             ... wielding a +0 war axe
              (4 damage)
             ... on level 3 of the Dungeon.
             The game lasted 00:08:52 (3271 turns).

Meegle the Magician (Deep Elf Fire Elementalist)    Turns: 3271, Time: 00:08:53

Health: -1/28      AC:  2    Str:  5    XL:     5   Next: 53%
Magic:  10/14      EV: 13    Int: 21    God:
Gold:   65         SH:  0    Dex: 15    Spells: 1/14 levels left

rFire    . . .     SeeInvis .   (no weapon)
rCold    . . .     Gourm    .   (no shield)
rNeg     . . .     Faith    .   a - +0 robe
rPois    .         Spirit   .   (no helmet)
rElec    .         Reflect  .   (no cloak)
rCorr    .         Harm     .   (no gloves)
MR       .....                  (no boots)
Stlth    ++........             (no amulet)
HPRegen  0.09/turn              (no ring)
MPRegen  0.14/turn              (no ring)

@: no status effects
A: no striking features
a: no special abilities


You were on level 3 of the Dungeon.
You were not hungry.

You visited 1 branch of the dungeon, and saw 4 of its levels.

You collected 65 gold pieces.

Inventory:

Armour
 a - a +0 robe (worn)
Jewellery
 o - an uncursed amulet of magic regeneration {unknown}
 p - an uncursed amulet of rage {unknown}
Wands
 r - a wand of random effects (9)
Scrolls
 b - 4 scrolls of identify {unknown}
 f - a scroll of fog {unknown}
 g - a scroll of enchant armour {unknown}
 j - a scroll of remove curse {unknown}
 k - 2 scrolls of enchant weapon {unknown}
 m - 2 scrolls of amnesia {unknown}
 t - a scroll of teleportation {unknown}
Potions
 d - 2 potions of invisibility {unknown}
 e - a potion of heal wounds {unknown}
 h - a potion of flight {unknown}
 i - 3 potions of haste {unknown}
 l - a potion of lignification {unknown}
 n - a potion of curing {unknown}
 q - a potion of magic {unknown}
Comestibles
 c - 5 rations
 s - a chunk of flesh


   Skills:
 + Level 0.2 Fighting
 + Level 2.7 Dodging
 + Level 3.2 Stealth
 + Level 5.1 Spellcasting
 + Level 2.3 Conjurations
 + Level 5.0 Fire Magic


You had one spell level left.
You knew the following spells:

 Your Spells              Type           Power        Failure   Level  Hunger
a - Flame Tongue          Conj/Fire      ###..        2%          1    None
b - Throw Flame           Conj/Fire      ###...       3%          2    None
c - Conjure Flame         Conj/Fire      ###.....     7%          3    ##.....
d - Inner Flame           Hex/Fire       ###.....     12%         3    ##.....
e - Sticky Flame          Conj/Fire      ###.....     24%         4    ####...

Your spell library contained the following spells:

 Spells                   Type           Power        Failure   Level  Hunger
 Fireball                 Conj/Fire      ###.......   54%         5    #####..


Dungeon Overview and Level Annotations

Branches:
Dungeon (4/15)
 Temple: D:4-7

Altars:

Annotations:
D:2 Sigmund
D:3 Blork the orc


Message History

Press: ? - help, Shift-Dir - straight line, f - Blork the orc
Aim: Blork the orc, wielding a +0 war axe and wearing a +0 robe The sticky flame hits Blork the orc.
Blork the orc is lightly wounded.
Blork the orc is covered in liquid flames!
Blork the orc burns!
Blork the orc gestures at you while chanting.
The magic dart hits you. The orc closely misses you.
The orc wizard casts a spell at you. The magic dart hits you!
Blork the orc burns!
Blork the orc hits you with a +0 war axe.
* * * LOW HITPOINT WARNING * * *
The orc hits you with a +0 hand axe.
* * * LOW HITPOINT WARNING * * *
You climb upwards.
There is a stone staircase leading down here.
Blork the orc burns!
Blork the orc hits you with a +0 war axe.
You die...

####################
...............o>o.#
############.###@###
#.# #.###### #.#
#......# #.#
#......#
####+###......#
#.............#
#.............#
#######
#..........####
#.....#
#..........'..#


You could see Blork the orc (burning) and an orc.

Vanquished Creatures
  Natasha (D:3)
  4 gnolls (D:2)
  7 adders
  2 oozes (D:2)
  An adder skeleton (D:4)
  A worm (D:2)
  A dart slug (D:1)
  A leopard gecko (D:3)
  2 orcs (D:3)
  7 bats
  A giant cockroach (D:3)
  6 goblins
  6 hobgoblins
  4 jackals (D:1)
  A quokka (D:2)
  A ball python (D:1)
  3 frilled lizards
  11 kobolds
  8 rats
68 creatures vanquished.

Notes
Turn   | Place    | Note
-------+----------+-------------------------------------------
     0 | D:1      | Meegle the Deep Elf Fire Elementalist began the quest for
                  | the Orb.
     0 | D:1      | Reached XP level 1. HP: 10/10 MP: 6/6
   328 | D:1      | Reached XP level 2. HP: 11/15 MP: 1/8
  1290 | D:2      | Reached XP level 3. HP: 19/19 MP: 6/10
  1297 | D:2      | Learned a level 2 spell: Throw Flame
  1301 | D:2      | Learned a level 3 spell: Conjure Flame
  1792 | D:2      | Reached XP level 4. HP: 24/24 MP: 9/12
  1996 | D:2      | Noticed Sigmund
  2052 | D:3      | Noticed Natasha
  2057 | D:3      | Killed Natasha
  2057 | D:3      | Reached XP level 5. HP: 19/28 MP: 7/13
  2062 | D:3      | Learned a level 3 spell: Inner Flame
  2067 | D:3      | Learned a level 4 spell: Sticky Flame
  2116 | D:3      | Noticed Natasha
  2602 | D:3      | Reached skill level 5 in Spellcasting
  3107 | D:2      | Reached skill level 5 in Fire Magic
  3221 | D:4      | Noticed Blork the orc
  3271 | D:3      | Slain by Blork the orc

Skill      XL: |  1  2  3  4  5 |
---------------+----------------+-----
Fire Magic     | 4 5 |  5.0
Spellcasting   | 4 5 |  5.1
Conjurations   | 2 |  2.3
Stealth        | 3 |  3.2
Fighting       | |  0.2
Dodging        | |  2.7

Action                   |  1- 3 |  4- 6 || total
-------------------------+-------+-------++-------
 Cast: Flame Tongue      |    74 |    62 ||   136
       Throw Flame       |       |     1 ||     1
       Sticky Flame      |       |     1 ||     1
  Eat: Chunk             |     3 |     4 ||     7
Armor: Robe              |     3 |     1 ||     4
Dodge: Dodged            |    33 |    14 ||    47
